[Event "*** MasterClass Titled Tuesday Blitz"]
[Site "Chess.com"]
[Date "2017.10.03"]
[Round "4"]
[White "VojtechPlat"]
[Black "chito89"]
[Result "1-0"]
[WhiteElo "2692"]
[BlackElo "2575"]
[TimeControl "180+2"]
[EndTime "13:48:41 PDT"]
[Termination "VojtechPlat won by resignation"]

1. e4 e5 2. Nf3 Nc6 3. Bb5 a6 4. Ba4 d6 5. c3 Bd7 6. d4 g6 7. O-O Bg7 8. dxe5 dxe5 9. Nbd2 Nf6 10. Bxc6 Bxc6 11. Nxe5 Bxe4 12. Nxe4 Qxd1 13. Nxf6+ Bxf6 14. Rxd1 Bxe5 15. Bh6 Bd6 16. Bg7 Rg8 17. Bf6 g5 18. Re1+ Kd7 19. Rad1 Rg6 20. Re7+ Kc6 21. Rxf7 Re8 22.
Kf1 g4 23. g3 h5 24. Bd4 h4 25. gxh4 Rh6 26. Bf6 Bxh2 27. Bg5 Rhe6 28. Kg2 Bd6 29.
Rd4 Re2 30. Rxg4 Rxb2 31. h5 Rxa2 32. h6 Be5 33. Bf6 1-0

[Event "*** MasterClass Titled Tuesday Blitz"]
[Site "Chess.com"]
[Date "2017.10.03"]
[Round "4"]
[White "Angry_Serb"]
[Black "TrickyTrapChess"]
[Result "0-1"]
[WhiteElo "2386"]
[BlackElo "2308"]
[TimeControl "180+2"]
[EndTime "13:48:43 PDT"]
[Termination "TrickyTrapChess won by resignation"]

1. e4 e6 2. d4 d5 3. Nc3 Nf6 4. exd5 exd5 5. Bg5 Be7 6. Qd2 O-O 7. O-O-O b5 8.
Bxb5 c6 9. Bd3 Na6 10. Nf3 Nb4 11. Ne5 Be6 12. a3 Nxd3+ 13. Qxd3 Qc8 14. Na4 Bf5 15. Qf3 Rb8 16. Nc5 Bxc5 17. dxc5 Ne4 18. Nxc6 Qxc6 19. Qxf5 Qb5 20. Qe5 Rfe8 21. Qd4 Nxg5 22. b3 Ne6 23.
Qxd5 Nxc5 24. Kb2 Na4+ 25. Kc1 Nc5 26. Rhe1 Nxb3+ 27. cxb3 Rxe1 0-1

[Event "*** MasterClass Titled Tuesday Blitz"]
[Site "Chess.com"]
[Date "2017.10.03"]
[Round "4"]
[White "Indianlad"]
[Black "bilelou"]
[Result "1-0"]
[WhiteElo "2607"]
[BlackElo "2420"]
[TimeControl "180+2"]
[EndTime "13:48:43 PDT"]
[Termination "Indianlad won by resignation"]

1. Nf3 e6 2. c4 d5 3. g3 Nf6 4.
Bg2 dxc4 5. O-O Nc6 6. Na3 Bxa3 7.
bxa3 e5 8. Bb2 Qd6 9. Qa4 b5 10. Qc2 Rb8 11. Rac1 O-O 12. d3 Bf5 13. Qc3 Nd5 14.
Qd2 Nb6 15. Rfd1 Rfe8 16. Nh4 Ne7 17. Qe3 Ned5 18. Qg5 Bg6 19. dxc4 bxc4 20. e4 Qe7 21. Qxe7 Nxe7 22. Bxe5 Nc6 23. Bxc7 Rb7 24. Bxb6 Rxb6 25. Rxc4 Ne5 26. Ra4 Bh5 27. Rc1 g5 28. Nf5 Rb2 29.
Rxa7 Nf3+ 30. Bxf3 Bxf3 31. Nh6+ Kg7 32. Rxf7+ Kxh6 33. Rc6+ Kh5 34. Rxh7+ 1-0

[Event "*** MasterClass Titled Tuesday Blitz"]
[Site "Chess.com"]
[Date "2017.10.03"]
[Round "4"]
[White "Tibmat"]
[Black "Iball95"]
[Result "1/2-1/2"]
[WhiteElo "2393"]
[BlackElo "2513"]
[TimeControl "180+2"]
[EndTime "13:48:50 PDT"]
[Termination "Game drawn by repetition"]

1. e4 c5 2. Nf3 g6 3. d4 cxd4 4. Qxd4 Nf6 5. Nc3 Nc6 6. Qa4 d6 7. e5 dxe5 8. Nxe5 Bg7 9. Bb5 O-O 10. Nxc6 bxc6 11. Bxc6 Bd7 12. Bxd7 Qxd7 13. O-O Rfc8 14. Qxd7 Nxd7 15. Rd1 Bxc3 16. Rxd7 Rd8 17. Rd3 Bf6 18. Kf1 Rxd3 19. cxd3 Rc8 20. Be3 Rc2 21. Bxa7 Rxb2 22. Be3 Rc2 23. d4 e5 24. dxe5 Bxe5 25. Rd1 Rxa2 26. Rd8+ Kg7 27. Bd4 Bxd4 28. Rxd4 h5 29. h4 Kf6 30. g3 Ke5 31. Rd7 f6 32. Kg2 Ke6 33. Rb7 Kf5 34. Rb5+ Ke6 35. Rb6+ Kf5 36.
Rb5+ Ke6 37. Rb6+ Kf5 38. Rb5+ Ke6 39. Rb6+ Kf5 40. Rb5+ Ke6 41. Rb6+ Kf5 42. Rb5+ 1/2-1/2

[Event "*** MasterClass Titled Tuesday Blitz"]
[Site "Chess.com"]
[Date "2017.10.03"]
[Round "4"]
[White "Andrjywa"]
[Black "fidetrainerNET"]
[Result "1-0"]
[WhiteElo "2341"]
[BlackElo "2072"]
[TimeControl "180+2"]
[EndTime "13:48:54 PDT"]
[Termination "Andrjywa won by resignation"]

1. e4 c5 2. c3 d5 3. exd5 Qxd5 4. d4 Nc6 5. Nf3 Bg4 6. Be2 e6 7. O-O Nf6 8. h3 Bh5 9. Be3 Rd8 10. Nbd2 cxd4 11.
Nxd4 Bxe2 12. Qxe2 Nxd4 13. Bxd4 b6 14. Rfd1 Be7 15. Bxf6 gxf6 16. Ne4 Qc6 17. Rxd8+ Kxd8 18. Rd1+ Kc7 19. Qf3 f5 20. Qf4+ Kc8 21. Nd6+ Bxd6 22. Rxd6 Qc7 23. Qd4 Rd8 24. Rxd8+ Qxd8 25. Qxd8+ Kxd8 26.
Kf1 e5 27. Ke2 Kd7 28. f3 Kd6 29. Kd3 Kd5 30. c4+ Kc5 31. a3 a5 32. b3 h5 33. g3 f6 34. Kc3 e4 35. b4+ Kc6 36. Kd4 exf3 37. Ke3 axb4 38. axb4 Kd6 39. Kxf3 Ke5 40.
c5 bxc5 41. bxc5 f4 42. g4 hxg4+ 43. hxg4 Kd5 44. Kxf4 Kxc5 45. Kf5 Kd6 46. Kxf6 Kd7 47. Kf7 1-0

[Event "*** MasterClass Titled Tuesday Blitz"]
[Site "Chess.com"]
[Date "2017.10.03"]
[Round "4"]
[White "chesstatour"]
[Black "XiaoKangZhong"]
[Result "0-1"]
[WhiteElo "1841"]
[BlackElo "2004"]
[TimeControl "180+2"]
[EndTime "13:48:58 PDT"]
[Termination "XiaoKangZhong won on time"]

1. c4 Nf6 2. Nc3 d5 3. e3 g6 4. d4 Bg7 5. Nf3 O-O 6. Be2 b6 7. O-O Bb7 8. b3 Nbd7 9. Bb2 Rc8 10. Rc1 c5 11. dxc5 Nxc5 12. Nxd5 Nxd5 13. Bxg7 Kxg7 14. cxd5 Bxd5 15. Qd4+ Kg8 16. Rfd1 e6 17. Nd2 Qe7 18. e4 Bb7 19. f3 Rfd8 20. Qe3 e5 21. Nb1 Kg7 22.
Nc3 Ne6 23. Nd5 Bxd5 24. exd5 Rxc1 25. Qxc1 Nd4 26. Bf1 Rxd5 27. Bc4 Rc5 28. Qe3 Qf6 29. Qd3 Rc6 30. Bd5 Rd6 31. Qc4 Ne6 0-1

[Event "*** MasterClass Titled Tuesday Blitz"]
[Site "Chess.com"]
[Date "2017.10.03"]
[Round "4"]
[White "EuropeanChampion"]
[Black "iusegine"]
[Result "0-1"]
[WhiteElo "2170"]
[BlackElo "2297"]
[TimeControl "180+2"]
[EndTime "13:48:58 PDT"]
[Termination "iusegine won by checkmate"]

1. e4 c5 2. Nf3 e6 3. d4 cxd4 4. Nxd4 Nc6 5. Be3 Nf6 6. Nc3 Bb4 7. Bd3 O-O 8. Nxc6 bxc6 9. O-O d5 10. Bg5 h6 11. Bh4 g5 12. Bg3 Bxc3 13. bxc3 dxe4 14. Bc4 Qxd1 15. Raxd1 Nd5 16. Bd6 Rd8 17. Be7 Re8 18. Bc5 a5 19. Bb3 a4 20. Bxd5 cxd5 21. Rb1 Ba6 22.
Rfd1 a3 23. Rb3 Bc4 24. Rxa3 Rxa3 25. Bxa3 Ra8 26. Bc5 Rxa2 27. Rc1 f6 28. Bd4 Kf7 29. g4 Kg6 30. Kg2 Be2 31. Kg3 Ra3 32. Re1 Bc4 33. Re3 Ra2 34. Re1 Rxc2 35. Rb1 e5 36. Bc5 Rxc3+ 37.
Kg2 Be2 38. Be7 Bxg4 39. Rb6 Bh3+ 40. Kg1 Rc1# 0-1

[Event "*** MasterClass Titled Tuesday Blitz"]
[Site "Chess.com"]
[Date "2017.10.03"]
[Round "4"]
[White "chess2matters"]
[Black "Vrolijk"]
[Result "0-1"]
[WhiteElo "2304"]
[BlackElo "2461"]
[TimeControl "180+2"]
[EndTime "13:49:00 PDT"]
[Termination "Vrolijk won by resignation"]

1. d4 Nf6 2. c4 e6 3. Nc3 Bb4 4. Qc2 b6 5. a3 Bxc3+ 6. Qxc3 Bb7 7. Bg5 h6 8. Bh4 g5 9. Bg3 Ne4 10. Qc2 d6 11. e3 h5 12. f3 Nxg3 13. hxg3 Nd7 14. Bd3 Qf6 15. Ne2 O-O-O 16. O-O-O h4 17. g4 Kb8 18. Be4 c6 19. Kb1 d5 20. Bd3 c5 21.
cxd5 Bxd5 22. Be4 Qe7 23. Nc3 Nf6 24. dxc5 Qxc5 25. Nxd5 Nxd5 26. Qxc5 bxc5 27. Bxd5 exd5 28. Kc2 Kc7 29. Kc3 Rhe8 30. Rhe1 Kc6 31. b4 Rb8 32. Rc1 cxb4+ 33. axb4 Kd6 34. Ra1 Rec8+ 35. Kd3 Rxb4 36.
Ra6+ Ke5 37. Rxa7 Rb3+ 38. Kd2 Rb2+ 39. Kd3 Rcb8 40. f4+ gxf4 41. exf4+ Kxf4 42. Rxf7+ Kg3 43. g5 Rg8 44. Rf5 Kxg2 45. Rff1 Kg3 46. Re3+ Kg4 47. Rg1+ Kh5 48. Re5 Rb3+ 49. Kc2 Rg3 50. Rxg3 hxg3 51.
Rxd5 Rxg5 52. Rd1 g2 53. Rg1 Kg4 54. Kd2 Kf3 0-1

[Event "*** MasterClass Titled Tuesday Blitz"]
[Site "Chess.com"]
[Date "2017.10.03"]
[Round "4"]
[White "Rodalquilar"]
[Black "oskariot"]
[Result "1-0"]
[WhiteElo "2501"]
[BlackElo "2486"]
[TimeControl "180+2"]
[EndTime "13:49:04 PDT"]
[Termination "Rodalquilar won on time"]

1. e4 c5 2. Nc3 e6 3. f4 Nc6 4. Nf3 Nge7 5. d3 d5 6. Qe2 g6 7. g4 Bg7 8. h4 Nd4 9. Nxd4 cxd4 10.
Nd1 dxe4 11. dxe4 h5 12. g5 e5 13. Nf2 exf4 14. Bxf4 Qb6 15. Qb5+ Qxb5 16. Bxb5+ Bd7 17. Bxd7+ Kxd7 18. O-O-O Nc6 19. Nd3 Rhe8 20. Nc5+ Kc8 21. Rhf1 b6 22. Na6 Re7 23. Nc7 Rxc7 24. Bxc7 f5 25.
gxf6 1-0

[Event "*** MasterClass Titled Tuesday Blitz"]
[Site "Chess.com"]
[Date "2017.10.03"]
[Round "4"]
[White "pandamaster3000"]
[Black "toad"]
[Result "1-0"]
[WhiteElo "2139"]
[BlackElo "2136"]
[TimeControl "180+2"]
[EndTime "13:49:15 PDT"]
[Termination "pandamaster3000 won by checkmate"]

1. e4 c5 2. Nf3 d6 3. Bb5+ Nd7 4. d4 cxd4 5. Qxd4 a6 6. Bxd7+ Bxd7 7. c4 Bc6 8. Nc3 f5 9. exf5 Bxf3 10. gxf3 Nf6 11.
Bg5 Rc8 12. O-O-O Qc7 13. b3 b5 14. Bxf6 gxf6 15. Nd5 Qc5 16. Qe4 bxc4 17. Kb1 cxb3 18. axb3 Qa3 19. Rd3 Rg8 20. Qe6 Rg2 21. Nxf6+ Kd8 22.
Qd7# 1-0

[Event "*** MasterClass Titled Tuesday Blitz"]
[Site "Chess.com"]
[Date "2017.10.03"]
[Round "4"]
[White "VladDobrov"]
[Black "Jospem"]
[Result "1-0"]
[WhiteElo "2631"]
[BlackElo "2547"]
[TimeControl "180+2"]
[EndTime "13:49:16 PDT"]
[Termination "VladDobrov won by resignation"]

1. d4 Nf6 2. c4 e6 3. Nf3 c5 4.
d5 exd5 5. cxd5 d6 6. Nc3 g6 7. Bf4 a6 8. e4 Bg7 9. Qa4+ Bd7 10. Qb3 Qc7 11. a4 O-O 12. Be2 Nh5 13. Be3 Bg4 14. h3 Bxf3 15. Bxf3 Nf6 16. e5 dxe5 17. d6 Qxd6 18.
Qxb7 Nbd7 19. Rd1 Qe6 20. Qc7 Rfc8 21. Qd6 Rab8 22. Qxe6 fxe6 23. O-O Rxb2 24. Rd6 Rb6 25. Rfd1 Bf8 26. Rxd7 Nxd7 27. Rxd7 Rd6 28. Ra7 c4 29. Ne4 Kh8 30. Nxd6 Bxd6 31. Rxa6 Bb4 32. Rb6 Ba3 33. Bb7 Rc7 34. Be4 c3 35. Bc2 Bc5 36. Bxc5 Rxc5 37. Rb5 Rc6 38. Rxe5 Kg7 39. f3 Kf6 40.
Rb5 h5 41. a5 h4 42. Kf1 Ra6 43. Rc5 Ra7 44. Ke2 Rd7 45. Rxc3 Rd5 46. Ra3 1-0

[Event "*** MasterClass Titled Tuesday Blitz"]
[Site "Chess.com"]
[Date "2017.10.03"]
[Round "4"]
[White "Quiet_Desperation"]
[Black "XeresLt"]
[Result "0-1"]
[WhiteElo "2305"]
[BlackElo "2270"]
[TimeControl "180+2"]
[EndTime "13:49:19 PDT"]
[Termination "XeresLt won by resignation"]

1. e4 c5 2. Nf3 e6 3. d4 cxd4 4. Nxd4 Bc5 5. Nb3 Bb6 6. Nc3 Ne7 7. Qe2 O-O 8. Be3 f5 9. O-O-O fxe4 10. Nxe4 d5 11.
Ng3 Nbc6 12. Bxb6 Qxb6 13. f3 a5 14. Qb5 Qe3+ 15. Kb1 a4 16. Nc1 a3 17. b3 Qc3 18.
Nd3 Ra5 19. Qb6 Nd4 20. Rc1 Nec6 21. Ne2 Nxe2 22. Bxe2 e5 23. Qf2 e4 24. Qe1 Qf6 25.
fxe4 dxe4 26. Rf1 Bf5 27. Qd2 exd3 28. cxd3 Qe5 29. Rc3 Nd4 30. Bf3 Rc5 31. Rfc1 Rfc8 32. Rxc5 Rxc5 33. Re1 Nxf3 34. gxf3 Bxd3+ 0-1

[Event "*** MasterClass Titled Tuesday Blitz"]
[Site "Chess.com"]
[Date "2017.10.03"]
[Round "4"]
[White "eldur16"]
[Black "MITerryble"]
[Result "0-1"]
[WhiteElo "2478"]
[BlackElo "2633"]
[TimeControl "180+2"]
[EndTime "13:49:20 PDT"]
[Termination "MITerryble won by resignation"]

1. c4 e5 2. g3 Nf6 3. Bg2 c6 4. d4 Bb4+ 5. Bd2 Bxd2+ 6. Qxd2 d6 7. Nc3 O-O 8. Nf3 e4 9. Ng5 d5 10. cxd5 cxd5 11. h4 Nc6 12. e3 h6 13. Nh3 Bg4 14.
Nf4 g5 15. hxg5 hxg5 16. Nh3 Nh7 17. Ng1 Kg7 18. f3 exf3 19. Nxf3 Bxf3 20. Bxf3 Ne7 21. O-O-O Rh8 22. e4 Rc8 23. Kb1 dxe4 24. Nxe4 Qd5 25. Nxg5 Qd6 26. Be4 Nf6 27. Bxb7 Rb8 28. Rxh8 Rxh8 29.
Qf4 Qb6 30. Rf1 Rh2 31. b3 Ng6 32. Qf3 Qxd4 0-1

[Event "*** MasterClass Titled Tuesday Blitz"]
[Site "Chess.com"]
[Date "2017.10.03"]
[Round "4"]
[White "Sven_Tica"]
[Black "robbykevlishvili"]
[Result "0-1"]
[WhiteElo "2434"]
[BlackElo "2305"]
[TimeControl "180+2"]
[EndTime "13:49:38 PDT"]
[Termination "robbykevlishvili won by resignation"]

1. d4 Nf6 2. c4 e6 3. Nf3 d5 4. Nc3 c6 5. Bg5 h6 6. Bxf6 Qxf6 7. Qc2 Nd7 8. e4 dxe4 9. Qxe4 Bd6 10. Bd3 Qe7 11. O-O Nf6 12. Qe2 O-O 13. c5 Bc7 14. b4 b6 15. Ne4 Nd5 16. a3 Nf4 17. Qe3 Nxd3 18. Qxd3 a5 19. Ne5 Ba6 20. Nc4 Bxc4 21. Qxc4 b5 22. Qd3 Rfd8 23. Rfd1 Qd7 24. Qc3 Qd5 25. Ng3 e5 26. Nf5 Qe6 27. Qf3 axb4 28. axb4 Rxa1 29. Rxa1 exd4 30. Qxc6 Bxh2+ 31. Kxh2 Qxf5 32.
Qxb5 d3 33. Qb6 Qe5+ 34. g3 Rd5 35. Ra8+ Kh7 36. c6 Qe4 37. Ra1 Rh5+ 0-1

[Event "*** MasterClass Titled Tuesday Blitz"]
[Site "Chess.com"]
[Date "2017.10.03"]
[Round "4"]
[White "Incognito_Knight"]
[Black "Tarlev_Konstantin"]
[Result "1-0"]
[WhiteElo "2459"]
[BlackElo "2593"]
[TimeControl "180+2"]
[EndTime "13:49:39 PDT"]
[Termination "Incognito_Knight won by resignation"]

1. e4 c5 2. Nf3 Nc6 3. d4 cxd4 4. Nxd4 Nf6 5. Nc3 d6 6. Bc4 e6 7. Be3 a6 8. Qe2 Qc7 9. O-O-O Be7 10. Bb3 Na5 11. g4 Nxb3+ 12. axb3 b5 13. g5 Nd7 14. Kb1 Bb7 15. h4 b4 16. Na4 Bxe4 17. Rhg1 Ne5 18. f3 Bb7 19. f4 Nc6 20. f5 e5 21. f6 exd4 22. Bxd4 O-O 23. Bb6 Qb8 24. fxe7 Re8 25. h5 Rxe7 26. Qd2 Ne5 27. Qxb4 Bf3 28. Rxd6 Qe8 29. h6 Rc8 30. hxg7 Nc6 31. Qh4 Be4 32.
Nc5 Bg6 33. Rh1 Ne5 34. Rxg6 1-0

[Event "*** MasterClass Titled Tuesday Blitz"]
[Site "Chess.com"]
[Date "2017.10.03"]
[Round "4"]
[White "motivated_bishop"]
[Black "JosephRyan"]
[Result "1-0"]
[WhiteElo "2161"]
[BlackElo "2214"]
[TimeControl "180+2"]
[EndTime "13:49:44 PDT"]
[Termination "motivated_bishop won by resignation"]

1. d4 d5 2. c4 dxc4 3. e3 e5 4. Bxc4 exd4 5. exd4 Bd6 6. Qe2+ Qe7 7. Qxe7+ Nxe7 8. Nf3 O-O 9. O-O Nd7 10. Nc3 Nb6 11. Bb3 c6 12. Ne4 Bc7 13. Re1 Ned5 14. Bd2 h6 15.
Nc5 Bd6 16. Ne5 Be6 17. Nxb7 Bxe5 18. dxe5 Nc7 19. Rec1 Bxb3 20. axb3 Rfb8 21. Na5 Nbd5 22. Rxc6 Rb6 23. Rac1 Rxc6 24. Rxc6 Rb8 25. Kf1 Ne6 26.
Ra6 Nd4 27. Rxa7 Nxb3 28. Nxb3 Rxb3 29. Ra5 Nc7 30. Bc3 Nb5 31. Ra8+ Kh7 32. Rb8 g5 33.
Rb6 h5 34. g3 g4 35. Ke1 Kg8 36. Kd2 Kh7 37. Kd3 Nxc3 38. Rxb3 Nd5 39. Ke4 Nc7 40. Rb7 Na6 41. b4 Kg8 42. Kf5 Kf8 43.
Kf6 Ke8 44. Kg5 Nxb4 45. Rxb4 1-0

[Event "*** MasterClass Titled Tuesday Blitz"]
[Site "Chess.com"]
[Date "2017.10.03"]
[Round "4"]
[White "Diwi89"]
[Black "Paralinch"]
[Result "0-1"]
[WhiteElo "2533"]
[BlackElo "2682"]
[TimeControl "180+2"]
[EndTime "13:49:46 PDT"]
[Termination "Paralinch won by resignation"]

1. d4 d5 2. Nf3 Nf6 3. g3 Bf5 4. Bg2 e6 5. O-O h6 6. c4 c6 7. Nc3 Nbd7 8. Nd2 Be7 9. e4 dxe4 10. Ndxe4 O-O 11. Be3 Nxe4 12. Nxe4 Bxe4 13. Bxe4 Nf6 14. Bg2 Qc7 15. Qe2 Rfd8 16. Rfd1 Rd7 17. Rac1 Rad8 18.
h4 b6 19. Bf3 c5 20. dxc5 Bxc5 21. Bf4 Bd6 22. Bxd6 Rxd6 23. b3 Qc5 24. Rxd6 Rxd6 25. Rd1 Nd7 26. Rxd6 Qxd6 27. Qd1 Qxd1+ 28. Bxd1 a5 29.
Kf1 Kf8 30. Ke2 Ke7 31. Ke3 Kd6 32. Kd4 e5+ 33. Kc3 f5 34. a3 Nf6 35. Bf3 e4 36. Be2 Ke5 37. b4 g5 38. hxg5 hxg5 39. c5 axb4+ 40. Kxb4 Nd5+ 41. Kc4 bxc5 42. Kxc5 f4 43. gxf4+ gxf4 44. Bc4 Nc3 45. Bf1 f3 46. Kc4 Nd1 47.
a4 Nxf2 48. a5 e3 49. Kc3 Kf4 50. a6 Ne4+ 51. Kd3 Nc5+ 52. Kc2 Nxa6 53. Bxa6 Kg3 0-1

[Event "*** MasterClass Titled Tuesday Blitz"]
[Site "Chess.com"]
[Date "2017.10.03"]
[Round "4"]
[White "Msb2"]
[Black "manubibi"]
[Result "0-1"]
[WhiteElo "2615"]
[BlackElo "2358"]
[TimeControl "180+2"]
[EndTime "13:49:46 PDT"]
[Termination "manubibi won by checkmate"]

1. d4 Nf6 2. c4 g6 3. Nc3 Bg7 4. e4 d6 5. Be2 O-O 6. h4 c5 7. d5 e6 8. h5 exd5 9. exd5 Re8 10. hxg6 hxg6 11. Bh6 Bh8 12. Qd2 Nbd7 13. Nf3 a6 14. Qf4 b5 15. Qh4 b4 16. Nd1 Re4 17. Qh2 Ng4 18. Qxd6 Nxh6 19. Rxh6 Qe8 20. Ne3 Bxb2 21.
Rb1 Bc3+ 22. Kf1 a5 23. Bd3 Ra6 24. Qg3 Rxe3 25. fxe3 Qxe3 26. Be2 Qxh6 27. Qc7 Ra8 28. Kf2 Ne5 29. Nxe5 Qf4+ 30. Bf3 Bxe5 31. Qd8+ Kg7 32. Re1 Bd4+ 33. Kf1 Bf5 34. Qxa8 Bd3+ 35.
Re2 Qc1# 0-1

[Event "*** MasterClass Titled Tuesday Blitz"]
[Site "Chess.com"]
[Date "2017.10.03"]
[Round "4"]
[White "MyleneFarmer"]
[Black "wonderfultime"]
[Result "0-1"]
[WhiteElo "2417"]
[BlackElo "2578"]
[TimeControl "180+2"]
[EndTime "13:49:54 PDT"]
[Termination "wonderfultime won by checkmate"]

1. e4 e6 2. d4 d5 3. Nc3 Bb4 4.
e5 c5 5. a3 Bxc3+ 6. bxc3 Qa5 7. Bd2 Qa4 8. Qb1 c4 9. g3 Nc6 10. Bg2 Nge7 11. Nh3 b6 12. O-O Bd7 13. Nf4 O-O-O 14.
Qb2 Rdf8 15. Nh5 Rhg8 16. Rae1 Kc7 17. Kh1 Kb7 18. f4 Nf5 19. Re2 Be8 20. g4 Nh4 21. Bh3 f5 22. Be1 fxg4 23. Bxg4 Nf5 24. Ng3 Bg6 25. Rg1 Rf7 26. Reg2 Nce7 27. Nxf5 Nxf5 28. Bxf5 Bxf5 29. Bg3 Be4 30. Re1 Bxg2+ 31. Kxg2 g5 32. fxg5 Rxg5 33. Qc1 Rgf5 34. Re2 Qe8 35. Qh6 Rf3 36. a4 Rxc3 37. a5 Ra3 38. axb6 axb6 39. Bh4 Qg8+ 40. Bg3 Qg4 41. Rf2 Rxf2+ 42. Kxf2 Qf3+ 43. Ke1 Ra1+ 44. Kd2 Rd1# 0-1

[Event "*** MasterClass Titled Tuesday Blitz"]
[Site "Chess.com"]
[Date "2017.10.03"]
[Round "4"]
[White "WanderingPuppet"]
[Black "MartinMatthiesen"]
[Result "1-0"]
[WhiteElo "2328"]
[BlackElo "2320"]
[TimeControl "180+2"]
[EndTime "13:49:58 PDT"]
[Termination "WanderingPuppet won by resignation"]

1. e4 e5 2. Nf3 Nc6 3. Bb5 a6 4. Ba4 Nf6 5. O-O Be7 6. Re1 b5 7. Bb3 O-O 8. a4 b4 9. a5 d6 10.
d3 h6 11. Nbd2 Be6 12. Bc4 Bxc4 13. Nxc4 Qb8 14. b3 Qb5 15. Bb2 Rad8 16. d4 exd4 17.
Nxd4 Nxd4 18. Qxd4 Rfe8 19. Ne3 c5 20. Qd3 Qxd3 21.
cxd3 Nd7 22. Nd5 Bf8 23. Nc7 Re7 24. Nxa6 Nf6 25. e5 Nd5 26. exd6 Rxe1+ 27. Rxe1 Bxd6 28. d4 cxd4 29. Bxd4 Nc3 30. Bb6 Rc8 31. g3 h5 32.
Kg2 Na2 33. Rd1 Bf8 34. Nc7 Nc3 35. Ra1 Rb8 36. a6 1-0

[Event "*** MasterClass Titled Tuesday Blitz"]
[Site "Chess.com"]
[Date "2017.10.03"]
[Round "4"]
[White "livestrong04"]
[Black "Hanging_pointer"]
[Result "0-1"]
[WhiteElo "2348"]
[BlackElo "2322"]
[TimeControl "180+2"]
[EndTime "13:49:59 PDT"]
[Termination "Hanging_pointer won by resignation"]

1. e4 c5 2. c3 d5 3. exd5 Qxd5 4. d4 g6 5. Nf3 Bg7 6. Na3 cxd4 7. Bc4 Qe4+ 8. Be3 Nh6 9. Nb5 O-O 10. Nbxd4 Ng4 11. O-O Nxe3 12. fxe3 Qxe3+ 13. Kh1 e5 14. Nb5 Qc5 15.
Qb3 a6 16. Bxf7+ Kh8 17. Na3 Bf5 18. Ng5 Nc6 19. Rxf5 gxf5 20. Qe6 e4 21. Nxh7 Rxf7 22. Qxf7 Kxh7 23. Rf1 Rf8 24. Qxb7 Ne5 25. Qxa6 Ng4 26.
Qe2 Qe5 27. g3 e3 28. h3 Qe4+ 29. Rf3 Ne5 30. Kg2 Nxf3 31. Qxf3 e2 32. Nc2 Qxc2 33. Qh5+ Kg8 34. Qxe2 Qxe2+ 0-1

[Event "*** MasterClass Titled Tuesday Blitz"]
[Site "Chess.com"]
[Date "2017.10.03"]
[Round "4"]
[White "Mbneu"]
[Black "rickkrewson"]
[Result "1-0"]
[WhiteElo "2198"]
[BlackElo "1776"]
[TimeControl "180+2"]
[EndTime "13:50:00 PDT"]
[Termination "Mbneu won on time"]

1. d4 e6 2. c4 Nf6 3. Nc3 d5 4. Nf3 Be7 5. g3 O-O 6. Bg2 b6 7. cxd5 Nxd5 8. e4 Nxc3 9. bxc3 Bb7 10. Qc2 c5 11. O-O Nc6 12. d5 exd5 13. exd5 Qxd5 14. Bb2 Rad8 15. Rfe1 Bf6 16. Rad1 Qh5 17. Rxd8 Rxd8 18.
Qe2 h6 19. Qe4 Na5 20. Qf4 Qg6 21. Ne5 Bxe5 22. Rxe5 Qb1+ 23. Bf1 Qxb2 24. Re7 Rf8 25. Qc7 1-0

[Event "*** MasterClass Titled Tuesday Blitz"]
[Site "Chess.com"]
[Date "2017.10.03"]
[Round "4"]
[White "HanSchut"]
[Black "PowerThinking2650"]
[Result "1-0"]
[WhiteElo "2215"]
[BlackElo "2126"]
[TimeControl "180+2"]
[EndTime "13:50:01 PDT"]
[Termination "HanSchut won by resignation"]

1. e4 e5 2. Nf3 Nc6 3. Bc4 Nf6 4.
d4 exd4 5. e5 d5 6. Bb5 Ne4 7. Nxd4 Bd7 8. Bxc6 bxc6 9. Be3 Bc5 10.
Nd2 Nxd2 11. Qxd2 Bb6 12. O-O O-O 13. Bg5 f6 14. exf6 gxf6 15. Bh6 Rf7 16. Rae1 Qc8 17. c3 c5 18. Nf3 d4 19. Re4 Bc6 20. Rf4 Ba5 21. a3 Qd7 22. b4 Bb6 23. cxd4 cxd4 24.
Nxd4 Rd8 25. Rd1 Qd5 26. Rg4+ Kh8 27. Nxc6 Qxd2 28. Rxd2 Rxd2 29. Bxd2 Rd7 30. Be1 Rd6 31. Rc4 Rd3 32. a4 Rd1 33. Kf1 1-0

[Event "*** MasterClass Titled Tuesday Blitz"]
[Site "Chess.com"]
[Date "2017.10.03"]
[Round "4"]
[White "Muisback26"]
[Black "Keranke"]
[Result "1-0"]
[WhiteElo "2673"]
[BlackElo "2716"]
[TimeControl "180+2"]
[EndTime "13:50:03 PDT"]
[Termination "Muisback26 won by resignation"]

1. e4 g6 2. d4 Bg7 3. Nc3 d6 4. Be3 a6 5. Qd2 b5 6. O-O-O Bb7 7. f3 Nd7 8. g4 Rc8 9. h4 h5 10. gxh5 Rxh5 11. Nge2 Ngf6 12. Ng3 Rh8 13. Bh3 e6 14. Bg5 Nb6 15. Qf4 b4 16. Nce2 Nc4 17.
Kb1 c5 18. d5 e5 19. Qc1 Rb8 20. h5 Qa5 21. hxg6 fxg6 22. Be6 Rf8 23. Ka1 Bc8 24. Bh6 Qc7 25. Qg5 Bxe6 26. dxe6 Bxh6 27. Qxg6+ Kd8 28. Qxh6 Ke7 29. Qg7+ 1-0

[Event "*** MasterClass Titled Tuesday Blitz"]
[Site "Chess.com"]
[Date "2017.10.03"]
[Round "4"]
[White "Buffy7"]
[Black "biostatistician"]
[Result "1-0"]
[WhiteElo "2463"]
[BlackElo "2398"]
[TimeControl "180+2"]
[EndTime "13:50:10 PDT"]
[Termination "Buffy7 won by resignation"]

1. Nf3 Nf6 2. d4 g6 3. e3 Bg7 4. c4 O-O 5. Nc3 c5 6. d5 d6 7.
Be2 e6 8. O-O a6 9. a4 exd5 10.
cxd5 Bf5 11. Nd2 Re8 12. Re1 Nbd7 13. Bf1 Ne4 14. Ndxe4 Bxe4 15. f3 Bf5 16. e4 Bd4+ 17.
Be3 Bxe3+ 18. Rxe3 Nf6 19. Qb3 Rb8 20. a5 Bd7 21.
Ree1 b5 22. axb6 Rxb6 23. Qc2 Qb8 24. Ra2 Bb5 25. Rea1 Nh5 26. Nd1 Nf4 27. Qd2 Nh5 28. Ne3 Qb7 29. Bxb5 axb5 30. Ra7 Qb8 31. Ng4 Rb7 32. Qa5 Rxa7 33. Qxa7 Kg7 34. Qxb8 Rxb8 35. Ra6 Rd8 36. Rb6 b4 37. Ne3 Nf6 38. Nc4 Ne8 39. Ra6 Kf8 40. Kf2 Ke7 41. Ke3 f6 42. h4 h6 43. g4 g5 44. h5 Rd7 45. Kd3 Rd8 46. Nb6 Rb8 47. Ra7+ 1-0

[Event "*** MasterClass Titled Tuesday Blitz"]
[Site "Chess.com"]
[Date "2017.10.03"]
[Round "4"]
[White "joppie2"]
[Black "fastestmindalive"]
[Result "1-0"]
[WhiteElo "2578"]
[BlackElo "2582"]
[TimeControl "180+2"]
[EndTime "13:50:17 PDT"]
[Termination "joppie2 won on time"]

1. d4 Nf6 2. Bf4 c5 3. d5 d6 4. Nc3 g6 5. e4 Bg7 6. h3 O-O 7. Nf3 b5 8. Bxb5 Nxe4 9. Nxe4 Qa5+ 10. Nfd2 Qxb5 11. Rb1 c4 12. Nf3 Bb7 13. O-O Qxd5 14. Qxd5 Bxd5 15. Rfe1 Nd7 16. c3 Rfe8 17. Rbd1 Bc6 18.
Bg3 Rab8 19. Rd2 h6 20. Rde2 Bxe4 21. Rxe4 Rxb2 22. Rxc4 Nb6 23. Rc6 Rxa2 24. Bxd6 e6 25. c4 Ra4 26. c5 Nd5 27. Rb1 Bf8 28. Ne5 Bg7 29. Nd7 Bd4 30. Rd1 e5 31. g3 Ra2 32.
Bxe5 Bxf2+ 33. Kh1 Ne7 34. Nf6+ Kf8 35. Bd6 Rd8 36. Rc7 Kg7 37. Rf1 Bd4 38. Bxe7 Rb8 39. Ng4 1-0

[Event "*** MasterClass Titled Tuesday Blitz"]
[Site "Chess.com"]
[Date "2017.10.03"]
[Round "4"]
[White "Grootneus"]
[Black "r31415"]
[Result "1-0"]
[WhiteElo "2135"]
[BlackElo "2163"]
[TimeControl "180+2"]
[EndTime "13:50:18 PDT"]
[Termination "Grootneus won by checkmate"]

1. e4 d6 2. d4 Nf6 3. Nc3 g6 4. Bg5 c6 5. Qd2 b5 6. Bd3 Qc7 7. f4 Nbd7 8. e5 b4 9. Ne4 Nd5 10. Nf3 Bg7 11. O-O O-O 12. c4 bxc3 13. bxc3 f6 14.
Bh4 dxe5 15. fxe5 fxe5 16. Neg5 Nf4 17. Bc4+ Kh8 18. Nf7+ Rxf7 19. Bxf7 exd4 20. Bg3 e5 21. cxd4 Nf8 22. Bb3 Qb6 23. Bxf4 exf4 24. Qxf4 c5 25. Ng5 Bxd4+ 26. Kh1 Bf5 27. Nf7+ Kg8 28. Nd6+ Ne6 29. Nxf5 gxf5 30. Qxf5 Kg7 31. Bxe6 Bxa1 32.
Rxa1 Rf8 33. Qg5+ Kh8 34. Qe5+ Rf6 35. Qxf6# 1-0